 Dungeon Crawl Stone Soup version 0.30.1 (webtiles) character file.

Game seed: 17430752688877401746

885 GeoRichter the Transmogrifier (level 7, 0/52 HPs)
             Began as a Purple Draconian Transmuter on July 5, 2023.
             Was a Priest of Jiyva.
             Succumbed to a water moccasin's poison
             ... on level 5 of the Dungeon.
             The game lasted 00:06:52 (3040 turns).

GeoRichter the Transmogrifier (DrTm)                Turns: 3040, Time: 00:06:53

Health: 0/52       AC:  7    Str: 13    XL:     7   Next: 76%
Magic:  10/10      EV: 12    Int: 21    God:    Jiyva [***...]
Gold:   113        SH:  0    Dex: 11    Spells: 7/10 levels left

rFire   + .          .
                       - Unarmed
rCold   + . .        (no shield)
rNeg    . . .        (body armour unavailable)
rPois   .            (helmet currently unavailable)
rElec   .            e - scarf {rC+ rF+}
rCorr   +            c - +0 pair of gloves
SInv    .            (boots currently unavailable)
Will    +....        (no amulet)
Stlth   +            n - +6 ring of intelligence
HPRegen 1.40/turn    (no ring)
MPRegen 0.47/turn

%: no passive effects
@: mighty, lethally poisoned (0 -> -1), short of breath, appendages
A: horns 2, talons 2, breathe power, AC +6, unfitting armour, cold-blooded,
sense surroundings 3, pseudopods 1
a: Breathe Dispelling Energy, End Transformation, Renounce Religion, Oozemancy


You were on level 5 of the Dungeon.
You worshipped Jiyva.
Jiyva was most pleased with you.
You had temporarily grown beastly horns and talons.
You visited 1 branch of the dungeon, and saw 5 of its levels.

You collected 113 gold pieces.

Inventory:

Missiles
 g - 6 poisoned darts
Armour
 c - a +0 pair of gloves (worn)
   (You found it on level 1 of the Dungeon)
 e - a scarf of resistance (worn)
   (You found it on level 2 of the Dungeon)
 m - a +0 buckler
   (You found it on level 1 of the Dungeon)
Jewellery
 n - a +6 ring of intelligence (left hand)
   (You found it on level 3 of the Dungeon)
Wands
 a - a wand of flame (12)
   (You took it off Sigmund on level 2 of the Dungeon)
Scrolls
 b - a scroll of enchant weapon {unknown}
 d - a scroll of silence {unknown}
 f - a scroll of amnesia {unknown}
 h - a scroll of vulnerability {unknown}
 i - a scroll of identify {@r1}
 j - a scroll of butterflies {unknown}
 k - a scroll of enchant armour {unknown}


   Skills:
 - Level 1.1 Fighting
 - Level 1.7 Dodging
 - Level 3.0 Unarmed Combat
 - Level 2.4 Spellcasting
 * Level 9.1 Transmutations


You had 7 spell levels left.
You knew the following spells:

 Your Spells              Type           Power      Damage    Failure   Level
a - Beastly Appendage     Tmut           82%        N/A       1%          1
b - Wereblood             Tmut           41%        N/A       1%          2

Your spell library contained the following spells:

 Spells                   Type           Power      Damage    Failure   Level
 Spider Form              Tmut/Pois      21%        N/A       6%          3
 Freeze                   Ice            8%         1d3       14%         1
 Ice Form                 Ice/Tmut       21%        N/A       22%         4
 Frozen Ramparts          Ice            4%         1d1       38%         3
 Hailstorm                Conj/Ice       2%         3d3       38%         3


Dungeon Overview and Level Annotations

Branches:
Dungeon (5/15) Zot: 26955
 Temple: D:4-7

Altars:
Gozag
Trog
Jiyva

Shops:
D:3 *


Innate Abilities, Weirdness & Mutations

You have temporarily grown beastly horns and talons.
You can breathe bolts of dispelling energy.
Your rich purple scales are hard. (AC +6)
You cannot fit into any form of body armour.
You are cold-blooded and may be slowed by cold attacks.
You passively map a large area around you.
Armour fits poorly on your pseudopods.


Message History

The water moccasin is heavily wounded.
The water moccasin misses you.
You hit the water moccasin. Your kick misses the water moccasin.
The water moccasin is heavily wounded.
The water moccasin bites you.
* * * LOW HITPOINT WARNING * * *
The water moccasin bites you.
* * * LOW HITPOINT WARNING * * *
You hit the water moccasin.
You claw the water moccasin, but do no damage.
You bludgeon the water moccasin, but do no damage.
The water moccasin is severely wounded.
The water moccasin bites you!
* * * LOW HITPOINT WARNING * * *
You closely miss the water moccasin. Your kick misses the water moccasin.
Your headbutt misses the water moccasin.
You punch the water moccasin, but do no damage.
The water moccasin is severely wounded.
The water moccasin bites you.
* * * LOW HITPOINT WARNING * * *
Okay, then.
Okay, then.
Casting: Beastly Appendage (safe; 1% risk of failure)
Press: ? - help, Q - select action, (/) - cycle Dir - look around, f - activate Look: a water moccasin (severely wounded)
Okay, then.
Aiming: Breathe Dispelling Energy (5% risk of failure)
Press: ? - help, Shift-Dir - straight line, f - water moccasin
Aim: a water moccasin (severely wounded, 31% to hit)
You breathe a bolt of dispelling energy.
The bolt of dispelling energy hits the water moccasin!
The water moccasin is almost dead.
The water moccasin bites you.
* * * LOW HITPOINT WARNING * * *
You are lethally poisoned!
The water moccasin poisons you!
You hear a slurping noise.
The water moccasin barely misses you.
It was a potion of might.
You feel very mighty all of a sudden.
* * * LOW HITPOINT WARNING * * *
You feel very sick.
The water moccasin bites you but does no damage.
You punch the water moccasin!
You kill the water moccasin!
* * * LOW HITPOINT WARNING * * *
You feel very sick.
You hear a slurping noise.
Your Transmutations skill increases to level 9!
You die...

, , , ...,, , * * #.#* ,
* ### * * ,#.# * ###... ,
,#.# ...... * ** **#.# *
,......##########.#######
,.....J....?.............
.#.......###.###########
.......@..##.#
#...##.##..#.# #.., #.
..#.# ## .. ,#...# #.. *
...# *, .._ ...# *,##..
..# *** * ..., , , , , *
,,, * * ** *


You could see a neutral jelly (wandering) (fellow slime).

Vanquished Creatures
  Sigmund (D:2)
  A water moccasin (D:5)
  2 black bears (D:4)
  2 scorpions
  2 hounds
  Jessica (D:3)
  Natasha (twice) (D:4)
  An orc wizard (D:4)
  Terence (D:3)
  3 gnolls (D:4)
  7 adders
  A worm (D:2)
  3 dart slugs
  5 orcs
  8 ball pythons
  2 endoplasms (D:2)
  2 giant cockroaches (D:2)
  9 goblins
  7 hobgoblins
  8 jackals
  7 kobolds
  3 quokkas
  2 bats (D:2)
  2 frilled lizards
  5 rats
87 creatures vanquished.

Vanquished Creatures (others)
  7 jellies (D:4)
  A sleepcap (D:4)
  Natasha (D:4)
  2 orc wizards
  4 gnolls (D:4)
  An adder (D:4)
  A shadow imp (D:4)
  2 orcs
  2 ball pythons (D:4)
  4 endoplasms
  2 giant cockroaches
  A hobgoblin (D:4)
  A bat (D:3)
  A frilled lizard (D:3)
30 creatures vanquished.

Grand Total: 117 creatures vanquished

Notes
Turn   | Place    | Note
-------+----------+-------------------------------------------
     0 | D:1      | GeoRichter the Draconian Transmuter began the quest for the
                  | Orb.
     0 | D:1      | Reached XP level 1. HP: 16/16 MP: 3/3
   158 | D:1      | You fall into a shaft and drop 1 floor!
   167 | D:2      | Reached XP level 2. HP: 23/23 MP: 3/5
   181 | D:2      | Reached skill level 3 in Transmutations
   188 | D:2      | Learned a level 2 spell: Wereblood
   316 | D:2      | Reached XP level 3. HP: 28/28 MP: 4/6
   426 | D:2      | Reached skill level 4 in Transmutations
   531 | D:2      | Noticed Sigmund
   575 | D:2      | Killed Sigmund
   576 | D:2      | Reached skill level 6 in Transmutations
   576 | D:2      | Reached XP level 4. HP: 22/35 MP: 5/7
   576 | D:2      | Reached XP level 5. HP: 26/40 MP: 5/8
   806 | D:2      | Found a faded altar of an unknown god.
   846 | D:2      | Prayed at the altar of an unknown god.
   846 | D:2      | Became a worshipper of Jiyva Jifyas the Shapeless
   846 | D:2      | Reached * piety under Jiyva
  1515 | D:3      | Reached XP level 6. HP: 47/47 MP: 9/9
  1548 | D:3      | Found Giukhuil's General Store.
  1705 | D:3      | Noticed Jessica
  1709 | D:3      | Killed Jessica
  1744 | D:3      | Found Ytayhozo's Antique Armour Shoppe.
  1764 | D:3      | Noticed Terence
  1772 | D:3      | Killed Terence
  1780 | D:3      | Reached ** piety under Jiyva
  2181 | D:4      | Found a bloodstained altar of Trog.
  2185 | D:4      | Noticed Natasha
  2196 | D:4      | Reached skill level 7 in Transmutations
  2209 | D:4      | Your scales start taking on a rich purple colour.
  2209 | D:4      | Reached XP level 7. HP: 27/52 MP: 10/10
  2210 | D:4      | Killed Natasha
  2252 | D:4      | Reached skill level 8 in Transmutations
  2734 | D:4      | Killed Natasha
  2750 | D:4      | Reached *** piety under Jiyva
  2770 | D:4      | Gained mutation: You passively map a small area around you.
                  | [Jiyva's grace]
  2770 | D:4      | Gained mutation: You passively map the area around you.
                  | [Jiyva's grace]
  2770 | D:4      | Gained mutation: You passively map a large area around you.
                  | [Jiyva's grace]
  2770 | D:4      | Gained mutation: Armour fits poorly on your pseudopods.
                  | [Jiyva's grace]
  2915 | D:4      | Noticed Natasha
  2927 | D:4      | Killed Natasha
  2994 | D:5      | Entered Level 5 of the Dungeon
  3015 | D:5      | Found an opulent altar of Gozag.
  3039 | D:5      | HP: 1/52 [poisoned by a water moccasin]
  3040 | D:5      | Reached skill level 9 in Transmutations
  3040 | D:5      | Succumbed to a water moccasin's poison

Illustrated notes

Levels and vault maps discovered:
D:1:      scummos_arrival_star, layout_rooms
D:2:      minmay_general_purpose_star, layout_basic,
          hellmonk_ecumenical_altar_dog_temple, minmay_diced_spiral,
          uniq_sigmund
D:3:      layout_basic, serial_shops, shop, shop, minmay_strange_pillars,
          uniq_terence, uniq_jessica
D:4:      layout_loops_corners, trog_ov_bears_minmay, uniq_natasha
D:5:      kennysheep_kobold_camp, layout_loops_ring, fedhas_altar_1,
          mainiacjoe_overflow_small_starburst,
          nicolae_ossuary_entry_false_entrances, gammafunk_ghost_arena

Skill      XL: |  1  2  3  4  5  6  7 |
---------------+----------------------+-----
Transmutations | 3 6 7 9 |  9.1
Fighting       | |  1.1
Dodging        | |  1.7
Unarmed Combat | |  3.0
Spellcasting   | |  2.4

Action                     |  1- 3 |  4- 6 |  7- 9 || total
---------------------------+-------+-------+-------++-------
  Melee: Unarmed           |    78 |   120 |    69 ||   267
         Kick              |    12 |    27 |    18 ||    57
         Headbutt          |     9 |    19 |    13 ||    41
         Tailslap          |     5 |    10 |    11 ||    26
         Punch             |     1 |     2 |     5 ||     8
         Pseudopods        |       |       |     3 ||     3
   Cast: Beastly Appendage |    13 |    21 |     6 ||    40
         Wereblood         |       |     2 |     1 ||     3
Ability: Breathe Dispellin |       |       |     1 ||     1
  Evoke: Wand              |       |     3 |       ||     3
    Use: Potion            |     2 |     1 |     1 ||     4
         Scroll            |       |       |     1 ||     1
 Armour: Skin              |    24 |    57 |    20 ||   101
  Dodge: Dodged            |    46 |    87 |    50 ||   183
